 Dungeon Crawl Stone Soup version 0.29.1-15-g9cfb28693d (webtiles) character file.

Game seed: 14074671794779729353

587149 Jase the Purifying Gnoll (level 26, -27/212 HPs)
             Began as a Gnoll Wanderer on Apr 1, 2023.
             Was a High Priest of Elyvilon.
             Killed from afar by a hellion (30 damage)
             ... with damnation
             ... summoned by a dread lich
             ... on level 5 of the Realm of Zot on Apr 19, 2023.
             The game lasted 10:52:03 (81676 turns).

Jase the Purifying Gnoll (Gnoll Wanderer)          Turns: 81676, Time: 10:52:04

Health: -27/212    AC: 24    Str:  8    XL:     26   Next: 87%
Magic:  5/45       EV: 36    Int: 26    God:    Elyvilon [*****.]
Gold:   3633       SH: 20    Dex: 16    Spells: 5/61 levels left

rFire   + . .      SeeInvis +   a - +9 dagger (elec)
rCold   . . .      Faith    .   m - +5 kite shield {reflect}
rNeg    . . .      Spirit   .   A - +4 troll leather armour
rPois   .          Reflect  +   x - +2 helmet {Int+3}
rElec   .          Harm     .   j - +2 cloak {Stlth+}
rCorr   .          Rampage  .   O - +2 pair of gloves
Will    +....                   N - +0 pair of boots
Stlth   +++++++...              J - amulet of the acrobat
HPRegen 1.25/turn               s - ring of protection from fire
MPRegen 0.29/turn               Z - ring of see invisible

@: silenced, acrobatic, hasted, very quick
A: fangs 1, strong nose, distributed training, agile 1, deterioration 1, weak 1
}: 4/15 runes: serpentine, barnacled, silver, abyssal
a: Renounce Religion


You were on level 5 of the Realm of Zot.
You worshipped Elyvilon.
Elyvilon was extremely pleased with you.
You visited 8 branches of the dungeon, and saw 44 of its levels.
You visited the Abyss 2 times.
You visited 1 bazaar.
You also visited: Bailey, Ice Cave and Wizlab.

You collected 6762 gold pieces.
You spent 3062 gold pieces at shops.
You donated 67 gold pieces to Zin.

Inventory:

Hand Weapons
 a - a +9 dagger of electrocution (weapon)
 b - the +6 trident of Nightmares {elec, rF+++ rC- Will+++ rCorr}
   (You found it on level 4 of the Shoals)

   It occasionally discharges a powerful burst of electricity upon striking a
   foe.
   rF:        It renders you almost immune to fire.
   rC:        It makes you vulnerable to cold.
   rCorr:     It protects you from acid and corrosion.
   Will:      It greatly increases your willpower.
Missiles
 i - 2 throwing nets
 q - 4 silver javelins
 E - 6 curare-tipped darts (quivered)
Armour
 j - a +2 cloak of stealth (worn)
 m - a +5 kite shield of reflection (worn)
 x - a +2 helmet of intelligence (worn)
 A - a +4 troll leather armour (worn)
 N - a +0 pair of boots (worn)
 O - a +2 pair of gloves (worn)
Jewellery
 d - a ring of protection from cold
 s - a ring of protection from fire (left hand)
 v - a ring of resist corrosion
 J - an amulet of the acrobat (around neck)
 Q - a +4 ring of slaying
 S - a ring of flight
 W - a ring of protection from fire
 Y - a ring of protection from cold
 Z - a ring of see invisible (right hand)
Wands
 f - a wand of digging (14)
 o - a wand of flame (156)
 t - a wand of mindburst (21)
 y - a wand of light (23)
 H - a wand of roots (39)
 P - a wand of paralysis (34)
 R - a wand of polymorph (13)
Scrolls
 h - a scroll of magic mapping
 n - a scroll of summoning
 p - 2 scrolls of silence
 B - 13 scrolls of teleportation
 C - 4 scrolls of butterflies
 D - 11 scrolls of amnesia
 U - 3 scrolls of blinking
Potions
 g - 11 potions of mutation
 k - 22 potions of curing
 l - 3 potions of brilliance
 w - 3 potions of magic
 z - 5 potions of resistance
 G - 5 potions of cancellation
 I - a potion of might
 L - 2 potions of invisibility
 M - 3 potions of ambrosia
 T - 3 potions of berserk rage
Miscellaneous
 e - a phantom mirror (inert)
 r - a phial of floods
 u - a lightning rod (3/4)
 V - a tin of tremorstones (2/2)
 X - a box of beasts (inert)


   Skills:
 + Level 18.3 Fighting
 + Level 18.1 Short Blades
 + Level 18.1 Long Blades
 + Level 18.1 Axes
 + Level 18.1 Maces & Flails
 + Level 18.1 Polearms
 + Level 18.1 Staves
 + Level 18.1 Ranged Weapons
 + Level 18.1 Throwing
 + Level 18.1 Armour
 + Level 18.1 Dodging
 + Level 18.9 Stealth
 + Level 18.1 Shields
 + Level 18.1 Unarmed Combat
 + Level 18.3 Spellcasting
 + Level 15.4 Conjurations
 + Level 15.4 Hexes
 + Level 15.4 Summonings
 + Level 15.4 Necromancy
 + Level 15.4 Translocations
 + Level 15.4 Transmutations
 + Level 15.4 Fire Magic
 + Level 15.9 Ice Magic
 + Level 15.9 Air Magic
 + Level 15.4 Earth Magic
 + Level 15.4 Poison Magic
 + Level 19.7 Invocations
 + Level 18.1 Evocations


You had 5 spell levels left.
You knew the following spells:

 Your Spells              Type           Power      Damage    Failure   Level
a - Shock                 Conj/Air       100%       1d9       0%          1
b - Manifold Assault      Tloc           81%        N/A       1%          5
c - Static Discharge      Conj/Air       81%        3-14/arc  0%          2
d - Ozocubu's Armour      Ice            82%        N/A       0%          3
e - Summon Lightning Spi  Summ/Air       81%        N/A       1%          4
f - Olgreb's Toxic Radia  Pois           81%        N/A       1%          4
g - Ignite Poison         Fire/Tmut/Pois 81%        N/A       1%          3
h - Mephitic Cloud        Conj/Pois/Air  81%        N/A       1%          3
i - Freezing Cloud        Conj/Ice/Air   41%        6-21      1%          5
j - Irradiate             Conj/Tmut      40%        3d25      1%          5
k - Stone Arrow           Conj/Erth      100%       3d13      1%          3
l - Yara's Violent Unrav  Hex/Tmut       40%        3d16      1%          5
m - Statue Form           Tmut/Erth      54%        N/A       1%          6
n - Silence               Hex/Air        40%        N/A       1%          5
p - Passwall              Tmut/Erth      67%        N/A       0%          2

Your spell library contained the following spells:

 Spells                   Type           Power      Damage    Failure   Level
 Apportation              Tloc           100%       N/A       0%          1
 Beastly Appendage        Tmut           100%       N/A       0%          1
 Foxfire                  Conj/Fire      100%       2x1d9     0%          1
 Freeze                   Ice            100%       1d11      0%          1
 Magic Dart               Conj           100%       1d8       0%          1
 Necrotise                Necr           100%       1d9       0%          1
 Sandblast                Erth           100%       2d20      0%          1
 Sting                    Tmut/Pois      100%       1d8       0%          1
 Summon Small Mammal      Summ           100%       N/A       0%          1
 Blink                    Tloc           100%       N/A       0%          2
 Call Imp                 Summ           81%        N/A       0%          2
 Ensorcelled Hibernation  Hex/Ice        100%       N/A       0%          2
 Poisonous Vapours        Pois/Air       100%       N/A       0%          2
 Searing Ray              Conj           100%       2d8       0%          2
 Sublimation of Blood     Necr           81%        N/A       0%          2
 Wereblood                Tmut           81%        N/A       0%          2
 Frozen Ramparts          Ice            100%       1d16      0%          3
 Swiftness                Air            82%        N/A       0%          3
 Call Canine Familiar     Summ           81%        N/A       1%          3
 Confusing Touch          Hex            81%        N/A       1%          3
 Conjure Flame            Conj/Fire      81%        6-21      1%          3
 Dazzling Flash           Conj/Hex       100%       N/A       1%          3
 Inner Flame              Hex/Fire       81%        N/A       1%          3
 Lesser Beckoning         Tloc           81%        N/A       1%          3
 Portal Projectile        Hex/Tloc       100%       N/A       1%          3
 Spider Form              Tmut/Pois      81%        N/A       1%          3
 Summon Guardian Golem    Hex/Summ       81%        N/A       1%          3
 Tukima's Dance           Hex            81%        N/A       1%          3
 Airstrike                Air            41%        2d(6-22)  1%          4
 Anguish                  Hex/Necr       40%        N/A       1%          4
 Cause Fear               Hex            40%        N/A       1%          4
 Dispel Undead            Necr           81%        3d26      1%          4
 Flame Wave               Conj/Fire      81%        2d18      1%          4
 Fulminant Prism          Conj/Hex       40%        3d20      1%          4
 Ice Form                 Ice/Tmut       81%        N/A       1%          4
 Iskenderun's Mystic Bla  Conj/Tloc      81%        2d16      1%          4
 Leda's Liquefaction      Hex/Erth       40%        N/A       1%          4
 Passage of Golubria      Tloc           81%        N/A       1%          4
 Petrify                  Tmut/Erth      81%        N/A       1%          4
 Sticky Flame             Conj/Fire      81%        2d9       1%          4
 Summon Ice Beast         Ice/Summ       81%        N/A       1%          4
 Agony                    Necr           81%        N/A       1%          5
 Alistair's Intoxication  Tmut/Pois      54%        N/A       1%          5
 Blade Hands              Tmut           40%        N/A       1%          5
 Fireball                 Conj/Fire      40%        3d16      1%          5
 Metabolic Englaciation   Hex/Ice        40%        N/A       1%          5
 Summon Forest            Summ/Tloc      40%        N/A       1%          5
 Conjure Ball Lightning   Conj/Air       40%        3x3d13    1%          6
 Dispersal                Tloc           40%        N/A       1%          6
 Eringya's Noxious Bog    Tmut/Pois      40%        N/A       1%          6
 Starburst                Conj/Fire      40%        6d12      1%          6
 Dragon Form              Tmut           40%        N/A       5%          7
 Enfeeble                 Hex            40%        N/A       5%          7
 Monstrous Menagerie      Summ           40%        N/A       5%          7
 Summon Hydra             Summ           40%        N/A       5%          7
 Discord                  Hex            40%        N/A       38%         8
 Disjunction              Tloc           40%        N/A       38%         8
 Ignition                 Fire           40%        3d12      38%         8
 Lehudib's Crystal Spear  Conj/Erth      40%        10d10     38%         8
 Chain Lightning          Conj/Air       40%        3d54      99%         9
 Polar Vortex             Ice            41%        N/A       99%         9
 Dragon's Call            Summ           40%        N/A       100%        9
 Fire Storm               Conj/Fire      40%        8d10      100%        9
 Shatter                  Erth           40%        3d32*     100%        9


Dungeon Overview and Level Annotations

Branches:
Dungeon (15/15)            Temple (0/1) D:6            Lair (5/5) D:11
 Shoals (4/4) Lair:2        Snake (4/4) Lair:2        Slime (0/5) Lair:4
    Orc (2/2) D:11            Elf (0/3) Orc:2        Vaults (5/5) D:13
  Crypt (0/3) Vaults:2     Depths (4/4) D:15            Zot (5/5) Depths:4
 Bailey (visited)           IceCv (visited)          WizLab (visited)

Altars:
Ashenzari
Dithmenos
Elyvilon
Gozag
Hepliaklqana
Okawaru
Trog
Vehumet
Zin
The Shining One
Jiyva

Shops:
D:7 (   D:8 [   D:9 !   D:10 !   D:11 (   Orc:2 *?[?:   Shoals:1 (*
Shoals:3 *   Snake:1 [[:   Snake:2 :=:   Vaults:2 !([=   Vaults:3 ?   Zot:5 *
Depths:1 (   Depths:3 !

Portals:
Hell: Depths:1 Depths:2 Depths:3 Depths:4
Abyss: Depths:1 Depths:3 Depths:4
Pandemonium: Orc:2 Depths:1 Depths:2 Depths:3
Ziggurat: Depths:4

Annotations:
D:7 3 exclusions
D:15 2 runed translucent doors, exclusion: orange crystal statue
Shoals:1 3 runed translucent doors, exclusion: obsidian statue, Siuc's ghost, journeyman MiFi
Shoals:2 6 transporters
Shoals:4 exclusions: catoblepas and 2 death yaks, Polyphemus; Roxanne
Snake:2 3 runed translucent doors, Maacsyom's ghost, adept DEHW
Vaults:1 exclusion: orange crystal statue
Depths:1 exclusion: fire elemental


Innate Abilities, Weirdness & Mutations

You have very sharp teeth.
Your uncanny sense of smell can sniff out nearby items.
Your experience applies equally to all skills.
You are agile. (Dex +4, Str/Int -1)
Your body sometimes deteriorates upon taking damage.
You are weak. (Str -2)


Message History

Something barely misses your dread lich.
Your dread lich touches the dread lich but does no damage.
You block the Ice Fiend's attack.
The Ice Fiend claws you but does no damage.
You hit the dread lich but do no damage.
The dread lich is almost destroyed.
The hellion completely misses your dread lich.
Something hits your dread lich!
You puncture the dread lich!
The dread lich is almost destroyed.
You block the dread lich's attack.
The hellion closely misses your dread lich.
Something hits your dread lich! The Ice Fiend completely misses you.
The Ice Fiend misses you.
Your magical contamination has completely faded away.
Okay, then.
Press: ? - help, v - describe, . - travel
Here: a dread lich (silenced, almost destroyed, ally target)
The floor.
Aiming: Bolt of Light
Press: ? - help, Shift-Dir - straight line, f - dread lich, p - dread lich
Aim: a dread lich (silenced, slightly transparent, 78% to hit)
The bolt of light hits the dread lich!!
You destroy the dread lich!
The Ice Fiend disappears in a puff of smoke!
The tormentor disappears in a puff of smoke!
The bolt of light hits the dread lich!
The dread lich is lightly damaged.
The dread lich is blinded.
The Orb Guardian misses you.
Okay, then.
Unknown command.
Magic scrolls do not work when you're silenced!
You feel yourself speed up. The Orb Guardian hits you!!
Elyvilon protects you from harm! The dread lich touches you!
* * * LOW HITPOINT WARNING * * *
Unknown command.
The hellion gestures at you.
The sphere of damnation explodes!
The damnation engulfs you!!
You die...

** ##.............## ##........ *
#......)))......# **,,,,,^,
########2######## *******# #
#...#..#.#.####### #
#####...#...?X.......####### #
.##.........#.L..#.........# #
..+........##.LX...#######.### #
..#...#.....#.#....#§§§§§#.#.#
..+)).###.....#.@..#§...§#...## #
.##.....#.###.#.#..#§.∩.§#....###
###.....###.....##.#§...§#..#....
#####)..##..#^...#.#§...§#..###..
.###.....#####.....###.###..##...
.#.......#......#........).###...
##....######.##.#...#.##..<# #...
#.........##..#............####..
#...###......##........#......#..


You could see a dread lich (invisible, blind, ally target), 2 Orb Guardians, a
hellion (summoned) and a friendly dread lich (summoned, invisible, drained).

Vanquished Creatures
  A dread lich (Zot:5)
  2 orbs of fire (Zot:2)
  An ancient lich (Vaults:5)
  Boris (twice) (Vaults:2 Depths:3)
  Vv (Zot:2)
  Bai Suzhen (Snake:4)
  2 curse toes
  Xtahua (Vaults:3)
  12 golden dragons
  Zenata (Vaults:1)
  17 tentacled monstrosities
  Mlioglotl (Shoals:1)
  2 liches
  6 Orb Guardians (Zot:5)
  4 titans
  4 deep elf blademasters (Depths:3)
  2 ancient champions (WizLab)
  5 quicksilver dragons
  3 sphinxes
  2 tentacled starspawn (Abyss:3)
  6 death cobs
  5 acid blobs (Zot:4)
  Gastronok (Lair:1)
  Frances (D:14)
  4 shadow dragons
  16 storm dragons
  6 tengu reavers
  4 draconian monks
  9 fire giants
  6 frost giants
  5 nagarajas
  2 orc warlords (Orc:1)
  8 draconian knights
  4 balrugs
  14 vault wardens
  Louise (Depths:4)
  Aizul (Snake:3)
  11 ironbound preservers
  3 draconian scorchers
  5 draconian stormcallers
  A caustic shrike zombie (Depths:1)
  A spriggan defender (Depths:2)
  7 draconian annihilators
  2 war gargoyles (Vaults:5)
  13 green draconians
  3 ironbound thunderhulks
  3 vampire knights
  21 very ugly things
  17 stone giants
  15 purple draconians
  3 deep elf demonologists (Vaults:5)
  9 white draconians
  16 black draconians
  Azrael (D:12)
  2 deep elf annihilators (Vaults:5)
  13 red draconians
  5 entropy weavers (Vaults:3)
  18 yellow draconians
  4 spark wasps (Depths:4)
  A dire elephant (shapeshifter) (Vaults:5)
  7 dire elephants
  An entropy weaver (shapeshifter) (Vaults:5)
  17 ettins
  A blizzard demon (Depths:2)
  3 merfolk impalers
  3 merfolk javelineers
  2 great orbs of eyes
  2 deep elf high priests (Vaults:5)
  Josephine (Lair:5)
  3 jiangshi (Depths:1)
  16 fire dragons
  24 vault guards
  12 yaktaur captains
  4 rakshasas
  5 boulder beetles
  3 salamander tyrants
  9 hydras
  4 ogre magi
  A peacekeeper (Vaults:3)
  2 demonspawn (Orc:2)
  3 spriggan air magi
  3 alligator snapping turtles
  2 merfolk avatars
  7 ice dragons
  4 merfolk aquamancers
  10 centaur warriors
  11 anacondas
  13 two-headed ogres
  6 ironbound frosthearts
  4 death yaks
  8 naga warriors
  A vampire mage (Depths:1)
  A satyr (Shoals:2)
  4 tengu warriors
  8 deep troll shamans
  5 deep troll earth magi
  A hell hog (Abyss:3)
  5 thrashing horrors (Abyss:3)
  3 orc high priests (Orc:2)
  A spriggan berserker (Depths:4)
  2 soul eaters
  4 shock serpents
  10 naga sharpshooters
  3 sun demons
  13 skeletal warriors
  A sixfirhy (Orc:2)
  3 salamander mystics
  A wretched star (Abyss:3)
  11 sea snakes
  6 iron trolls
  A death drake (Depths:4)
  38 deep trolls
  A shadow demon (Depths:1)
  A spark wasp zombie (Depths:2)
  3 glowing orange brains
  A flayed ghost (Abyss:3)
  Pikel (D:5)
  3 naga ritualists
  A harpy (shapeshifter) (D:8)
  18 ironbound convokers
  7 lindwurms
  10 phantasmal warriors
  A golden dragon skeleton (Depths:1)
  24 harpies
  7 wizards
  A mana viper (shapeshifter) (Vaults:5)
  3 necromancers
  4 oklob plants
  6 orc knights
  12 orc sorcerers
  3 deep elf pyromancers
  8 salamanders
  11 manticores
  4 fauns (Shoals:2)
  8 mana vipers
  A frost giant zombie (Depths:2)
  15 moths of wrath
  A fire giant zombie (Depths:1)
  5 cyclopes
  33 ugly things
  A human zombie (Vaults:5)
  5 elephants (Lair:5)
  12 vault sentinels
  2 stone giant skeletons (Vaults:2)
  36 black mambas
  4 guardian serpents
  7 merfolk sirens
  A sphinx skeleton (Depths:1)
  4 human skeletons (Vaults:2)
  5 naga magi
  2 torpor snails
  A smoke demon (Abyss:3)
  3 water nymphs
  5 elf skeletons
  A molten gargoyle (Lair:2)
  2 large abominations (Abyss:3)
  2 gargoyles
  2 rime drakes
  A freezing wraith (Vaults:5)
  6 cane toads
  A spark wasp simulacrum (Depths:2)
  8 komodo dragons
  18 yaktaurs
  An efreet (D:13)
  4 ice devils
  An anaconda simulacrum (IceCv)
  2 tengu conjurers (Depths:1)
  A queen bee (shapeshifter) (D:14)
  2 yaktaur skeletons (Vaults:2)
  20 merfolk
  A red devil (Depths:2)
  10 polar bears
  9 trolls
  A polar bear (shapeshifter) (Vaults:5)
  5 wind drakes
  14 blink frogs
  22 slime creatures
  A slime creature (shapeshifter) (Vaults:5)
  3 hornets
  A tarantella (shapeshifter) (D:13)
  A dream sheep (shapeshifter) (Vaults:5)
  Prince Ribbit (D:5)
  9 raiju
  7 snapping turtles
  A jumping spider (Vaults:3)
  Sigmund (D:3)
  2 shadows
  A spriggan (Depths:4)
  5 vampires
  7 water elementals
  7 wraiths
  A ynoxinul (Depths:2)
  2 wyverns
  2 fire elementals (D:12)
  44 yaks
  3 fire bats (Abyss:3)
  3 golden eyes (Abyss:3)
  6 redbacks (Vaults:3)
  4 vampire mosquitoes
  4 basilisks
  6 humans (D:10)
  Eustachio (D:4)
  2 human simulacra
  4 steam dragons
  4 neqoxecs
  A death yak simulacrum (IceCv)
  5 two-headed ogre zombies (WizLab)
  A harpy simulacrum (Abyss:3)
  22 nagas
  3 acid dragons
  12 wargs
  16 hell hounds
  31 water moccasins
  2 glowing shapeshifter skeletons
  A floating eye (shapeshifter) (D:15)
  42 orc warriors
  An ogre skeleton (Vaults:2)
  6 sky beasts
  A swamp drake (Lair:5)
  16 black bears
  A black mamba simulacrum (Abyss:2)
  35 wolves
  8 ogres
  4 boggarts (D:14)
  3 lemures (D:5)
  15 centaurs
  A phantom (D:4)
  2 kobold brigands
  3 necrophages (D:5)
  A gnoll sergeant (D:8)
  8 bullfrogs
  3 scorpions (D:5)
  2 small abominations (Abyss:3)
  A cane toad simulacrum (IceCv)
  16 wights
  4 troll zombies (WizLab)
  22 killer bees
  A nameless horror (Bailey)
  4 electric eels (Snake:1)
  4 howler monkeys
  A lava snake (Lair:2)
  2 starcursed masses (Abyss:3)
  6 hounds
  19 jellies
  A gnoll bouda (D:10)
  15 orc priests
  Jessica (D:3)
  Ijyb (D:10)
  12 orc wizards
  6 iguanas
  4 hell rats (Lair:1)
  A polar bear simulacrum (IceCv)
  2 ogre zombies (WizLab)
  5 gnolls (D:10)
  5 adders
  6 shadow imps
  5 white imps
  4 ufetubi
  4 worms
  A dart slug (D:3)
  98 orcs
  7 bats
  7 endoplasms
  3 giant cockroaches
  15 goblins
  5 hobgoblins
  12 jackals
  4 quokkas
  5 ball pythons
  4 frilled lizards
  29 kobolds
  5 rats
  A starspawn tentacle (Abyss:3)
1792 creatures vanquished.

Vanquished Creatures (collateral kills)
  An ancient lich (WizLab)
  An electric golem (Zot:4)
  A titan (Vaults:5)
  2 acid blobs (Zot:4)
  A quicksilver dragon (Zot:3)
  A death cob (Zot:4)
  A tengu reaver (Vaults:5)
  A shadow dragon (Zot:3)
  2 nagarajas (Snake:4)
  A draconian scorcher (Zot:3)
  A vault warden (Vaults:3)
  An iron dragon (Vaults:5)
  A fire giant (Vaults:5)
  3 draconian shifters
  An ironbound preserver (D:13)
  A war gargoyle (Vaults:5)
  A stone giant (Depths:3)
  A draconian annihilator (Zot:3)
  3 very ugly things
  An ironbound thunderhulk (Vaults:1)
  A deep elf demonologist (Vaults:5)
  3 dire elephants (Vaults:2)
  4 red draconians
  2 purple draconians
  4 white draconians
  5 yellow draconians
  3 ettins
  Snorg (Lair:3)
  A yaktaur captain (Vaults:5)
  6 vault guards
  A rakshasa (Depths:3)
  A hydra (Lair:4)
  An ice dragon (Depths:4)
  4 anacondas
  2 ironbound frosthearts
  A merfolk aquamancer (Shoals:2)
  4 centaur warriors
  9 naga warriors
  A deep troll shaman (Depths:4)
  A death yak (Lair:5)
  A thrashing horror (Abyss:3)
  2 naga sharpshooters (Snake:2)
  A skeletal warrior (WizLab)
  4 sea snakes
  An iron troll (Depths:4)
  5 deep trolls
  3 naga ritualists
  A necromancer (Vaults:5)
  An ironbound convoker (Vaults:3)
  A phantasmal warrior (Vaults:5)
  2 lindwurms
  A swamp dragon (Lair:5)
  A sphinx zombie (Vaults:5)
  2 mana vipers (Snake:3)
  A harpy (Shoals:2)
  3 manticores
  3 ugly things
  A merfolk siren (Shoals:1)
  2 moths of wrath
  A large abomination (Abyss:2)
  10 naga magi
  8 salamanders
  A vault sentinel (Vaults:3)
  3 guardian serpents
  9 black mambas
  An elf skeleton (Vaults:2)
  4 yaktaurs
  A tengu conjurer (D:14)
  A red devil (Orc:2)
  2 merfolk
  2 hornets
  A troll (D:13)
  A blink frog (Lair:4)
  3 snapping turtles
  2 spriggans (Depths:4)
  4 yaks
  A vampire (WizLab)
  2 neqoxecs (Abyss:3)
  A two-headed ogre zombie (WizLab)
  23 nagas
  2 water moccasins (Lair:2)
  An acid dragon (D:13)
  3 orc warriors (Orc:1)
  A centaur (D:13)
  A human skeleton (Vaults:5)
  3 wights
  A glowing shapeshifter simulacrum (Vaults:3)
  3 troll zombies (WizLab)
  A killer bee (D:9)
  A quasit (Abyss:3)
  3 jellies (Zot:4)
  An orc priest (Orc:1)
  An orc wizard (Orc:1)
  3 ogre zombies (WizLab)
  7 orcs
  A bat (Orc:2)
231 creatures vanquished.

Vanquished Creatures (others)
  Mara (Shoals:4)
  A draconian annihilator (Zot:2)
  A very ugly thing (Depths:3)
  A vampire knight (Depths:3)
  An ironbound convoker (Vaults:5)
  A cyclops (D:8)
  An acid dragon (D:8)
  A jelly (Zot:4)
  An orc wizard (Orc:1)
  4 demonic plants
  32 fungi
  202 plants
  4 starspawn tentacles (Abyss:3)
251 creatures vanquished.

Grand Total: 2274 creatures vanquished

Notes
Turn   | Place    | Note
-------+----------+-------------------------------------------
     0 | D:1      | Jase the Gnoll Wanderer began the quest for the Orb.
     0 | D:1      | Jase set off with the following items: a +0 club, a potion
                  | of haste, a +0 robe, a +0 pair of boots; and the following
                  | spells available to memorise: Freeze, Shock, Ozocubu's
                  | Armour, Static Discharge, Summon Lightning Spire.
     0 | D:1      | Reached XP level 1. HP: 17/17 MP: 4/4
     2 | D:1      | Learned a level 1 spell: Freeze
     4 | D:1      | Learned a level 1 spell: Shock
   264 | D:1      | Reached XP level 2. HP: 10/23 MP: 0/5
   273 | D:1      | HP: 1/23 [jackal (1)]
   855 | D:1      | Learned a level 2 spell: Static Discharge
   977 | D:1      | Reached XP level 3. HP: 27/28 MP: 5/7
  1886 | D:2      | Reached skill level 1 in Short Blades
  1886 | D:2      | Reached skill level 1 in Long Blades
  1886 | D:2      | Reached skill level 1 in Axes
  1886 | D:2      | Reached skill level 1 in Maces & Flails
  1886 | D:2      | Reached skill level 1 in Polearms
  1886 | D:2      | Reached skill level 1 in Staves
  1886 | D:2      | Reached skill level 1 in Ranged Weapons
  1886 | D:2      | Reached skill level 1 in Throwing
  1886 | D:2      | Reached skill level 1 in Armour
  1886 | D:2      | Reached skill level 1 in Dodging
  1886 | D:2      | Reached skill level 1 in Shields
  1886 | D:2      | Reached skill level 1 in Unarmed Combat
  1886 | D:2      | Reached skill level 1 in Evocations
  2391 | D:3      | Noticed Jessica
  2416 | D:3      | Reached XP level 4. HP: 30/34 MP: 2/8
  2813 | D:3      | Reached skill level 1 in Conjurations
  2813 | D:3      | Reached skill level 1 in Hexes
  2813 | D:3      | Reached skill level 1 in Summonings
  2813 | D:3      | Reached skill level 1 in Necromancy
  2813 | D:3      | Reached skill level 1 in Translocations
  2813 | D:3      | Reached skill level 1 in Transmutations
  2813 | D:3      | Reached skill level 1 in Fire Magic
  2813 | D:3      | Reached skill level 1 in Earth Magic
  2813 | D:3      | Reached skill level 1 in Poison Magic
  2900 | D:3      | Found a faded altar of an unknown god.
  2908 | D:3      | Prayed at the altar of an unknown god.
  2908 | D:3      | Became a worshipper of Elyvilon the Healer
  2908 | D:3      | Reached * piety under Elyvilon
  3273 | D:3      | Noticed Sigmund
  3549 | D:4      | Noticed Eustachio
  3554 | D:4      | Killed Eustachio
  3555 | D:4      | Reached skill level 3 in Invocations
  3555 | D:4      | Reached XP level 5. HP: 38/41 MP: 2/10
  3644 | D:4      | Reached XP level 6. HP: 43/47 MP: 9/11
  4306 | D:4      | Found a hazy altar of Hepliaklqana.
  4902 | D:5      | Entered Level 5 of the Dungeon
  4910 | D:5      | Reached XP level 7. HP: 52/52 MP: 4/12
  5100 | D:5      | Reached skill level 4 in Invocations
  5128 | D:5      | Reached ** piety under Elyvilon
  5345 | D:5      | Reached XP level 8. HP: 42/60 MP: 0/14
  5810 | D:5      | Noticed Prince Ribbit
  5821 | D:5      | Killed Prince Ribbit
  6328 | D:5      | Noticed Pikel
  6340 | D:5      | Killed Pikel
  6341 | D:5      | Reached skill level 5 in Spellcasting
  6341 | D:5      | Reached skill level 5 in Ice Magic
  6341 | D:5      | Reached skill level 5 in Air Magic
  6341 | D:5      | Reached skill level 5 in Invocations
  6341 | D:5      | Reached XP level 9. HP: 29/67 MP: 1/16
  6547 | D:5      | Learned a level 3 spell: Ozocubu's Armour
  6615 | D:6      | Reached skill level 5 in Fighting
  7417 | D:6      | Found a staircase to the Ecumenical Temple.
  7728 | D:6      | Found a bloodstained altar of Trog.
  7945 | D:3      | Killed Jessica
  7965 | D:3      | Killed Sigmund
  8484 | D:7      | Reached *** piety under Elyvilon
  8543 | D:7      | Found a flagged portal.
  8550 | Bailey   | Entered a bailey
  9010 | Bailey   | Reached skill level 6 in Invocations
  9046 | Bailey   | Learned a level 4 spell: Summon Lightning Spire
  9465 | Bailey   | Reached skill level 5 in Short Blades
  9465 | Bailey   | Reached skill level 5 in Long Blades
  9465 | Bailey   | Reached skill level 5 in Axes
  9465 | Bailey   | Reached skill level 5 in Maces & Flails
  9465 | Bailey   | Reached skill level 5 in Polearms
  9465 | Bailey   | Reached skill level 5 in Staves
  9465 | Bailey   | Reached skill level 5 in Ranged Weapons
  9465 | Bailey   | Reached skill level 5 in Throwing
  9465 | Bailey   | Reached skill level 5 in Armour
  9465 | Bailey   | Reached skill level 5 in Dodging
  9465 | Bailey   | Reached skill level 5 in Shields
  9465 | Bailey   | Reached skill level 5 in Unarmed Combat
  9465 | Bailey   | Reached skill level 5 in Evocations
  9465 | Bailey   | Reached XP level 10. HP: 76/76 MP: 18/18
 11197 | Bailey   | Reached skill level 5 in Conjurations
 11197 | Bailey   | Reached skill level 5 in Hexes
 11197 | Bailey   | Reached skill level 5 in Summonings
 11197 | Bailey   | Reached skill level 5 in Necromancy
 11197 | Bailey   | Reached skill level 5 in Translocations
 11197 | Bailey   | Reached skill level 5 in Transmutations
 11197 | Bailey   | Reached skill level 5 in Fire Magic
 11197 | Bailey   | Reached skill level 5 in Earth Magic
 11197 | Bailey   | Reached skill level 5 in Poison Magic
 11197 | Bailey   | Reached skill level 7 in Invocations
 11197 | Bailey   | Reached XP level 11. HP: 84/84 MP: 19/21
 11199 | Bailey   | Identified the +7 great sword of Arbitration {flame, rC+
                  | rN+ Will+ Stlth-}
 11442 | D:7      | Found Rarodu's Antique Weapon Shop.
 11701 | D:7      | Found a glowing silver altar of Zin.
 11885 | D:8      | Reached skill level 8 in Invocations
 12282 | D:8      | Found Litag's Armour Shoppe.
 12511 | D:8      | Noticed a white ugly thing
 12515 | D:8      | Reached **** piety under Elyvilon
 12519 | D:8      | Killed a white ugly thing
 12887 | D:8      | Noticed a cyclops
 12895 | D:8      | Noticed a red ugly thing
 12905 | D:8      | Killed a cyclops
 12906 | D:8      | Noticed a harpy
 12906 | D:8      | a golden eye changed into a harpy
 12910 | D:8      | Gained mutation: You have hidden genetic potential. [potion
                  | of mutation]
 12910 | D:8      | Gained mutation: Your flesh is heat resistant. (rF+)
                  | [potion of mutation]
 12910 | D:8      | Identified the +4 bardiche "Gunluck" {flame, Int+2}
 12912 | D:8      | Killed a harpy
 12914 | D:8      | Killed a red ugly thing
 12921 | D:8      | Reached XP level 12. HP: 47/92 MP: 1/23
 13118 | D:8      | Identified the +6 great sword "Mesayff" {elec, Dex+4}
 13119 | D:8      | Identified the +5 sling "Qature Laqe" {vorpal, rN+ Int+3}
 13430 | D:9      | Found Errehemen's Distillery.
 13433 | D:9      | Bought a potion of degeneration for 11 gold pieces
 13434 | D:9      | Bought 2 potions of ambrosia for 176 gold pieces
 13600 | D:9      | Learned a level 2 spell: Passwall
 14558 | D:10     | Entered Level 10 of the Dungeon
 14558 | D:10     | Found Vashiv's Distillery.
 14561 | D:10     | Bought a potion of berserk rage for 60 gold pieces
 14561 | D:10     | Bought a potion of attraction for 36 gold pieces
 14901 | D:10     | Noticed Ijyb
 14928 | D:10     | Killed Ijyb
 15436 | D:10     | Found a white marble altar of Elyvilon.
 15476 | D:10     | Reached ***** piety under Elyvilon
 15976 | D:10     | Found an iron altar of Okawaru.
 16386 | D:11     | Found a staircase to the Orcish Mines.
 16533 | D:11     | Noticed a two-headed ogre
 16535 | D:11     | Killed a two-headed ogre
 16554 | D:11     | Reached skill level 9 in Invocations
 16556 | D:11     | Gained mutation: Your natural rate of healing is unusually
                  | fast. [hidden potential]
 16609 | D:11     | Found Urawufo's Weapon Shop.
 16716 | D:11     | Reached skill level 10 in Stealth
 17005 | D:11     | Found a staircase to the Lair.
 17257 | Lair:1   | Entered Level 1 of the Lair of Beasts
 17270 | Lair:1   | Noticed Gastronok
 17284 | Lair:1   | Killed Gastronok
 17522 | Lair:1   | Reached XP level 13. HP: 85/99 MP: 9/25
 17731 | Lair:1   | Found a frozen archway.
 17783 | IceCv    | Entered an ice cave
 17793 | IceCv    | Elyvilon protects you from harm!
 17793 | IceCv    | Elyvilon protects you from harm!
 17949 | IceCv    | Found a transporter.
 17962 | IceCv    | Found a transporter.
 19272 | Lair:2   | Identified the +6 dagger of Tartarus {drain, rPois Will+}
 19301 | Lair:2   | Found a staircase to the Shoals.
 19319 | Lair:2   | Found a staircase to the Snake Pit.
 19789 | Lair:2   | Gained mutation: Your flesh is very heat resistant. (rF++)
                  | [hidden potential]
 19789 | Lair:2   | Lost mutation: You have hidden genetic potential. [hidden
                  | potential expressed]
 20670 | Lair:3   | Reached skill level 10 in Invocations
 20836 | Lair:3   | Reached ****** piety under Elyvilon
 20852 | Lair:3   | Noticed Snorg
 20872 | Lair:3   | Killed Snorg
 21180 | Lair:3   | Learned a level 4 spell: Olgreb's Toxic Radiance
 21827 | Lair:3   | Reached XP level 14. HP: 108/108 MP: 18/27
 22227 | Lair:3   | Learned a level 3 spell: Ignite Poison
 23281 | Lair:4   | Found a viscous altar of Jiyva.
 23281 | Lair:4   | Found a staircase to the Slime Pits.
 23983 | Orc:1    | Entered Level 1 of the Orcish Mines
 23997 | Orc:1    | You fall into a shaft and drop 1 floor!
 23997 | Orc:2    | Entered Level 2 of the Orcish Mines
 24003 | Orc:2    | Found a staircase to the Elven Halls.
 24015 | Orc:1    | Noticed an orc warlord
 24015 | Orc:1    | Noticed an orc warlord
 24044 | Orc:1    | Killed an orc warlord
 24045 | Orc:1    | Reached skill level 10 in Spellcasting
 24051 | Orc:1    | HP: 1/109 [ettin/+0 dire flail (32)]
 24254 | Orc:1    | Reached skill level 10 in Fighting
 24608 | Orc:1    | Killed an orc warlord
 25673 | Orc:2    | Found Kihu's General Store.
 25697 | Orc:2    | Bought a scroll of summoning for 114 gold pieces
 25965 | Orc:2    | Reached skill level 11 in Invocations
 26153 | Orc:2    | Found Gankikie's Magic Scroll Shop.
 26465 | Orc:2    | Found Reho's Magic Scroll Boutique.
 26562 | Orc:2    | Bought a scroll of blinking for 120 gold pieces
 26562 | Orc:2    | Bought a scroll of identify for 32 gold pieces
 26563 | Orc:2    | Bought a scroll of identify for 32 gold pieces
 26563 | Orc:2    | Identified a scroll of acquirement
 26564 | Orc:2    | Acquired 892 gold pieces
 26568 | Orc:2    | Bought a scroll of butterflies for 56 gold pieces
 26568 | Orc:2    | Bought a scroll of teleportation for 42 gold pieces
 26568 | Orc:2    | Bought a scroll of magic mapping for 105 gold pieces
 26843 | Orc:2    | Reached skill level 10 in Short Blades
 26843 | Orc:2    | Reached skill level 10 in Long Blades
 26843 | Orc:2    | Reached skill level 10 in Axes
 26843 | Orc:2    | Reached skill level 10 in Maces & Flails
 26843 | Orc:2    | Reached skill level 10 in Polearms
 26843 | Orc:2    | Reached skill level 10 in Staves
 26843 | Orc:2    | Reached skill level 10 in Ranged Weapons
 26843 | Orc:2    | Reached skill level 10 in Throwing
 26843 | Orc:2    | Reached skill level 10 in Armour
 26843 | Orc:2    | Reached skill level 10 in Dodging
 26843 | Orc:2    | Reached skill level 10 in Shields
 26843 | Orc:2    | Reached skill level 10 in Unarmed Combat
 26843 | Orc:2    | Reached skill level 10 in Evocations
 26997 | Orc:2    | Reached XP level 15. HP: 73/117 MP: 4/29
 27280 | Orc:2    | Found Kangojon's Antique Armour Emporium.
 27280 | Orc:2    | Found Parub's Book Shoppe.
 27280 | Orc:2    | Found a one-way gate leading to the halls of Pandemonium.
 27501 | Lair:5   | Entered Level 5 of the Lair of Beasts
 28489 | Lair:5   | Noticed Josephine
 28497 | Lair:5   | Killed Josephine
 30401 | D:12     | Learned a level 3 spell: Mephitic Cloud
 30467 | D:12     | Reached skill level 12 in Invocations
 30875 | D:12     | Noticed Azrael
 30915 | D:12     | Killed Azrael
 31137 | D:13     | Found a gate to the Vaults.
 31240 | D:13     | Reached skill level 10 in Ice Magic
 31240 | D:13     | Reached skill level 10 in Air Magic
 31283 | D:13     | Reached XP level 16. HP: 122/125 MP: 25/31
 31893 | D:13     | Found a shadowy altar of Dithmenos.
 32404 | Snake:1  | Entered Level 1 of the Snake Pit
 32569 | D:11     | Bought the +3 short sword of the Wicked God {vorpal, rPois
                  | Int+6} for 649 gold pieces
 32634 | Snake:1  | Found Qixkat's Armour Emporium.
 32636 | Snake:1  | Found Neohadas's Armour Shoppe.
 32638 | Snake:1  | Found Ziroid's Book Emporium.
 32677 | Snake:1  | Learned a level 5 spell: Freezing Cloud
 32683 | Snake:1  | Learned a level 5 spell: Irradiate
 32687 | Snake:1  | Bought a +2 cloak of stealth for 387 gold pieces
 32770 | Snake:1  | Found an iron altar of Okawaru.
 34499 | Snake:1  | Bought a +1 helmet of intelligence for 297 gold pieces
 34900 | Snake:2  | Found a runed translucent gate.
 34901 | Snake:2  | Found a runed translucent gate.
 34901 | Snake:2  | Found a runed translucent gate.
 34903 | Snake:2  | Noticed Maacsyom's ghost (adept DEHW)
 34917 | Snake:2  | Noticed a nagaraja
 34936 | Snake:2  | Noticed a nagaraja
 34945 | Snake:2  | Killed a nagaraja
 34950 | Snake:2  | Killed a nagaraja
 35952 | Snake:2  | Found Xuapn's Jewellery Boutique.
 35953 | Snake:2  | Found Iduinisi's Book Shoppe.
 35953 | Snake:2  | Found Nyoff's Book Shoppe.
 36705 | Snake:3  | Noticed Aizul
 36716 | Snake:3  | Killed Aizul
 36717 | Snake:3  | Reached skill level 13 in Invocations
 36755 | Snake:3  | Reached XP level 17. HP: 133/133 MP: 17/33
 36968 | Snake:3  | Reached skill level 10 in Conjurations
 36968 | Snake:3  | Reached skill level 10 in Hexes
 36968 | Snake:3  | Reached skill level 10 in Summonings
 36968 | Snake:3  | Reached skill level 10 in Necromancy
 36968 | Snake:3  | Reached skill level 10 in Translocations
 36968 | Snake:3  | Reached skill level 10 in Transmutations
 36968 | Snake:3  | Reached skill level 10 in Fire Magic
 36968 | Snake:3  | Reached skill level 10 in Earth Magic
 36968 | Snake:3  | Reached skill level 10 in Poison Magic
 38038 | Snake:3  | Found a radiant altar of Vehumet.
 38400 | Snake:4  | Entered Level 4 of the Snake Pit
 40604 | Snake:4  | Noticed Bai Suzhen
 40792 | Snake:4  | Killed Bai Suzhen
 40796 | Snake:4  | Gained mutation: You have hidden genetic defects.
                  | [mutagenic glow]
 40803 | Snake:4  | Gained mutation: You have terrible hidden genetic defects.
                  | [mutagenic glow]
 40853 | Snake:4  | Lost mutation: You have terrible hidden genetic defects.
                  | [potion of mutation]
 40853 | Snake:4  | Lost mutation: Your flesh is very heat resistant. (rF++)
                  | [potion of mutation]
 40853 | Snake:4  | Gained mutation: Your body sometimes deteriorates upon
                  | taking damage. [potion of mutation]
 40853 | Snake:4  | Gained mutation: You are weak. (Str -2) [potion of
                  | mutation]
 40854 | Snake:4  | Lost mutation: You have hidden genetic defects. [potion of
                  | mutation]
 40854 | Snake:4  | Lost mutation: Your natural rate of healing is unusually
                  | fast. [potion of mutation]
 40854 | Snake:4  | Lost mutation: Your flesh is heat resistant. (rF+) [potion
                  | of mutation]
 40854 | Snake:4  | Gained mutation: You are agile. (Dex +4, Str/Int -1)
                  | [potion of mutation]
 41327 | Snake:4  | Got a serpentine rune of Zot
 41355 | Snake:4  | Reached XP level 18. HP: 93/142 MP: 23/34
 42097 | D:14     | Noticed Frances
 42108 | D:14     | Killed Frances
 42586 | Shoals:1 | Entered Level 1 of the Shoals
 42865 | Shoals:1 | Reached skill level 14 in Invocations
 43326 | Shoals:1 | Found a runed translucent gate.
 43326 | Shoals:1 | Found a runed translucent gate.
 43326 | Shoals:1 | Found a runed translucent gate.
 43328 | Shoals:1 | Found an opulent altar of Gozag.
 43330 | Shoals:1 | Found Kureg's Assorted Antiques.
 43331 | Shoals:1 | Noticed Siuc's ghost (journeyman MiFi)
 43439 | Shoals:1 | Noticed Mlioglotl
 43448 | Shoals:1 | Killed Mlioglotl
 43817 | Shoals:1 | Found Suibijol's Weapon Shoppe.
 44275 | Shoals:2 | Found a transporter.
 44319 | Shoals:2 | Found a transporter.
 45071 | Shoals:2 | Found a transporter.
 45078 | Shoals:2 | Found a transporter.
 45184 | Shoals:2 | Found a transporter.
 45191 | Shoals:2 | Found a transporter.
 45582 | Shoals:3 | Found Bebor's Mass Market.
 46651 | Shoals:4 | Entered Level 4 of the Shoals
 46651 | Shoals:4 | Identified Roxanne's Guidebook on Transformation
 46651 | Shoals:4 | Noticed Roxanne
 46674 | Shoals:4 | Noticed Mara
 46679 | Shoals:4 | Noticed Jase's illusion
 46686 | Shoals:4 | Killed Mara
 46730 | Shoals:4 | Identified the +6 trident of Nightmares {elec, rF+++ rC-
                  | Will+++ rCorr}
 47549 | Shoals:4 | Noticed Polyphemus
 47815 | Shoals:4 | Reached XP level 19. HP: 122/150 MP: 26/36
 47941 | Shoals:4 | Got a barnacled rune of Zot
 48210 | D:15     | Entered Level 15 of the Dungeon
 48387 | D:15     | Paralysed by a floating eye for 4 turns
 48533 | D:15     | Found a staircase to the Depths.
 48687 | D:15     | Found a runed translucent door.
 48691 | D:15     | Found the +10 tower shield of Ignorance {rN+ Int-4}
 48708 | D:15     | Found a runed translucent door.
 49232 | Depths:1 | Entered Level 1 of the Depths
 49339 | Vaults:1 | Entered Level 1 of the Vaults
 50802 | Vaults:1 | Noticed Zenata
 50817 | Vaults:1 | Killed Zenata
 50891 | Vaults:1 | Reached skill level 15 in Invocations
 51013 | Vaults:2 | Learned a level 3 spell: Stone Arrow
 51183 | Vaults:2 | Found Delocoz's Antique Weapon Shoppe.
 51275 | Vaults:2 | Found Latsum's Antique Armour Shoppe.
 51689 | Vaults:2 | Noticed Boris
 51696 | Vaults:2 | Killed Boris
 51914 | Vaults:2 | Found Tin Yrho's Jewellery Boutique.
 51926 | Vaults:2 | Learned a level 5 spell: Manifold Assault
 52244 | Vaults:2 | Found a staircase to the Crypt.
 52321 | Vaults:2 | Reached skill level 15 in Stealth
 52802 | Vaults:2 | Reached XP level 20. HP: 156/159 MP: 18/38
 53125 | Vaults:2 | Found Bava Durr's Distillery.
 53228 | Vaults:2 | Bought a potion of invisibility for 136 gold pieces
 53228 | Vaults:2 | Bought a potion of curing for 51 gold pieces
 53228 | Vaults:2 | Bought a potion of heal wounds for 85 gold pieces
 53228 | Vaults:2 | Bought a potion of heal wounds for 85 gold pieces
 53228 | Vaults:2 | Bought a potion of cancellation for 136 gold pieces
 53635 | D:7      | Fell from the grace of Elyvilon
 53635 | D:7      | Became a worshipper of Zin the Law-Giver
 53635 | D:7      | Reached * piety under Zin
 53635 | D:7      | Reached ** piety under Zin
 53635 | D:7      | Reached *** piety under Zin
 53635 | D:7      | Reached **** piety under Zin
 53635 | D:7      | Reached ***** piety under Zin
 53971 | D:10     | Fell from the grace of Zin
 53971 | D:10     | Became a worshipper of Elyvilon the Healer
 54252 | Vaults:3 | Noticed Xtahua
 54264 | Vaults:3 | Killed Xtahua
 55265 | Vaults:3 | Found Ijeapt Leyph's Magic Scroll Shoppe.
 56450 | Vaults:4 | Found a magical portal.
 56496 | Vaults:4 | Found a flickering gateway to a bazaar.
 56510 | Bazaar   | Entered a bazaar
 56510 | Bazaar   | Found Wochinen's Book Boutique.
 56510 | Bazaar   | Found Sutusup's Book Shoppe.
 56510 | Bazaar   | Found Siac's Book Shop.
 56510 | Bazaar   | Found Kuyxurph's Magic Scroll Shoppe.
 56512 | Bazaar   | Found Xeweorr's Book Shop.
 56512 | Bazaar   | Found Jololl's Antique Weapon Emporium.
 56520 | Bazaar   | Bought Ecwiut's Octavo of Arenous Transfiguration for 392
                  | gold pieces
 56529 | Bazaar   | Bought a scroll of teleportation for 30 gold pieces
 56529 | Bazaar   | Bought a scroll of teleportation for 30 gold pieces
 56594 | WizLab   | Entered Zonguldrok's Shrine
 56782 | WizLab   | Reached skill level 16 in Invocations
 57117 | WizLab   | Reached XP level 21. HP: 142/163 MP: 5/39
 57305 | WizLab   | Noticed an antique lich
 57318 | WizLab   | Killed an antique lich
 57358 | WizLab   | Found the +9 sword of Zonguldrok {reap}
 57367 | WizLab   | Learned a level 5 spell: Yara's Violent Unravelling
 57378 | WizLab   | Reached skill level 15 in Fighting
 57378 | WizLab   | Reached skill level 15 in Spellcasting
 57378 | WizLab   | Reached XP level 22. HP: 173/173 MP: 39/41
 57646 | Vaults:4 | Found the +12 pair of quick blades "Gyre" and "Gimble"
                  | {protect}
 58625 | Depths:1 | Found a one-way gate to the infinite horrors of the Abyss.
 58730 | Depths:1 | Found a gateway to Hell.
 58923 | Depths:1 | Found a broken altar of Ashenzari.
 59036 | Depths:1 | Found Kekk's Weapon Emporium.
 59287 | Depths:1 | Reached skill level 15 in Short Blades
 59287 | Depths:1 | Reached skill level 15 in Long Blades
 59287 | Depths:1 | Reached skill level 15 in Axes
 59287 | Depths:1 | Reached skill level 15 in Maces & Flails
 59287 | Depths:1 | Reached skill level 15 in Polearms
 59287 | Depths:1 | Reached skill level 15 in Staves
 59287 | Depths:1 | Reached skill level 15 in Ranged Weapons
 59287 | Depths:1 | Reached skill level 15 in Throwing
 59287 | Depths:1 | Reached skill level 15 in Armour
 59287 | Depths:1 | Reached skill level 15 in Dodging
 59287 | Depths:1 | Reached skill level 15 in Shields
 59287 | Depths:1 | Reached skill level 15 in Unarmed Combat
 59287 | Depths:1 | Reached skill level 15 in Evocations
 60773 | Depths:2 | Identified the +3 scimitar of the Jester {spect, Drain rN+
                  | Int+6}
 61030 | Depths:2 | Identified the +9 quarterstaff of a Gauntlet {vamp, Dex+2}
 61676 | Depths:3 | Noticed Boris
 61769 | Depths:3 | Identified the +0 leather armour "Vazei" {Str+3 Dex+2}
 62034 | Depths:3 | Found Horph's Distillery.
 62099 | Depths:3 | Killed Boris
 62100 | Depths:3 | Reached XP level 23. HP: 131/180 MP: 25/42
 62197 | Depths:3 | HP: 8/172 [vampire knight/vampiric draining (17)]
 62309 | Depths:3 | Reached skill level 17 in Invocations
 63002 | Depths:1 | Voluntarily entered the Abyss.
 63188 | Abyss:3  | Paralysed by accursed screaming for 1 turns
 63595 | Abyss:3  | Got an abyssal rune of Zot
 63611 | Abyss:3  | Paralysed by accursed screaming for 1 turns
 63733 | Depths:1 | Escaped the Abyss
 64013 | Depths:4 | Entered Level 4 of the Depths
 64175 | Depths:4 | Noticed Louise
 64178 | Depths:4 | Killed Louise
 64305 | Depths:4 | Found a one-way gateway to a ziggurat.
 64305 | Depths:4 | Found a glowing silver altar of Zin.
 64306 | Depths:4 | Found a white marble altar of Elyvilon.
 64307 | Depths:4 | Found a glowing golden altar of the Shining One.
 65595 | Depths:4 | Noticed a golden dragon
 65605 | Depths:4 | Killed a golden dragon
 66200 | Depths:4 | HP: 9/184 [poison (poison gas)]
 66205 | Depths:4 | HP: 7/184 [poison (poison gas)]
 66457 | Depths:4 | Reached XP level 24. HP: 192/192 MP: 38/43
 67328 | Depths:4 | Identified the +2 hat of the Moon {+Blink Str+7 Int-4
                  | Stlth-}
 67334 | Depths:4 | Found a gate to the Realm of Zot.
 67626 | Zot:1    | Entered Level 1 of the Realm of Zot
 67713 | Depths:4 | Learned a level 6 spell: Statue Form
 69096 | Zot:1    | Reached skill level 18 in Invocations
 69333 | Zot:1    | Got the Atlas of the Cursed Squall
 69479 | Zot:2    | Identified the +10 halberd "Sypliloo" {freeze, rN+ Will+
                  | rCorr}
 70215 | Zot:2    | Noticed an orb of fire
 70249 | Zot:2    | Killed an orb of fire
 70414 | Zot:2    | Noticed a curse toe
 70415 | Zot:2    | Killed a curse toe
 70548 | Zot:2    | Noticed Vv
 70633 | Zot:2    | Noticed an orb of fire
 70658 | Zot:2    | Killed an orb of fire
 70687 | Zot:2    | Killed Vv
 71822 | Zot:3    | Reached XP level 25. HP: 201/201 MP: 44/44
 73267 | Zot:4    | Reached skill level 15 in Ice Magic
 73267 | Zot:4    | Reached skill level 15 in Air Magic
 73800 | Zot:4    | Learned a level 5 spell: Silence
 75685 | Zot:5    | Entered Level 5 of the Realm of Zot
 76039 | Zot:5    | Reached skill level 19 in Invocations
 76213 | Zot:5    | Found Weffilel's Changing Room.
 76999 | Vaults:5 | Entered Level 5 of the Vaults
 77070 | Vaults:5 | Noticed an ancient lich
 77084 | Vaults:5 | Killed an ancient lich
 77085 | Vaults:5 | Reached XP level 26. HP: 111/283 MP: 27/60
 77224 | Vaults:5 | Reached skill level 15 in Conjurations
 77224 | Vaults:5 | Reached skill level 15 in Hexes
 77224 | Vaults:5 | Reached skill level 15 in Summonings
 77224 | Vaults:5 | Reached skill level 15 in Necromancy
 77224 | Vaults:5 | Reached skill level 15 in Translocations
 77224 | Vaults:5 | Reached skill level 15 in Transmutations
 77224 | Vaults:5 | Reached skill level 15 in Fire Magic
 77224 | Vaults:5 | Reached skill level 15 in Earth Magic
 77224 | Vaults:5 | Reached skill level 15 in Poison Magic
 77276 | Vaults:5 | Identified the ring "Cyzxum" {Fire rN+}
 77894 | Vaults:5 | Identified the +9 morningstar of the Pits of Slime {drain,
                  | rPois Int+2}
 78270 | Abyss:3  | Cast into level 3 of the Abyss (a deep elf demonologist)
 78296 | Abyss:3  | Noticed an ancient lich
 78305 | Vaults:5 | Escaped the Abyss
 78944 | Vaults:5 | Got the Teachings on the Flock and the Coals
 80277 | Vaults:5 | Got a silver rune of Zot
 80677 | Vaults:5 | Got the Compendium of the Frigid Swarm
 81612 | Zot:5    | Noticed a dread lich
 81657 | Zot:5    | Noticed a dread lich
 81664 | Zot:5    | HP: 8/211 [???[a dread lich] (6)]
 81674 | Zot:5    | Killed a dread lich
 81675 | Zot:5    | Elyvilon protects you from harm!
 81675 | Zot:5    | HP: 2/212 [dread lich (11)]
 81676 | Zot:5    | Killed from afar by a hellion

Illustrated notes

Levels and vault maps discovered:
D:1:      dpeg_arrival_arbitrary_a, layout_loops_ring
D:2:      layout_basic
D:3:      layout_loops_cross, serial_forest, infiniplex_forest_straight_3,
          infiniplex_forest_corner_1, infiniplex_forest_zigzag_1,
          infiniplex_forest_lined_corner, infiniplex_forest_straight_2,
          infiniplex_forest_lined_3_way, infiniplex_forest_zigzag_1,
          shapermc_ecumenical_altar_pompeii, minmay_goblin_kobold_house,
          uniq_sigmund, uniq_jessica
D:4:      layout_loops_ring, mainiacjoe_overflow_six_doors_small, uniq_eustachio
D:5:      layout_cave_pools, uniq_pikel, uniq_prince_ribbit1
D:6:      kennysheep_kobold_camp, layout_gridville, lightli_temple_of_fire,
          minmay_temple_entry_drinking_statues
D:7:      layout_rooms, kennysheep_little_box, serial_shops, nicolae_shop_stone,
          serial_demonic, serial_demonic_e, serial_demonic_c, serial_demonic_f,
          serial_demonic_d, serial_demonic_f, serial_demonic_c,
          serial_demonic_b, enter_bailey_3, hangedman_decor_lopped
D:8:      minmay_the_grid_octo_tiled_squarecenter
          [minmay_the_grid_octo_odd_swirl, minmay_the_grid_octo_checkered,
          minmay_the_grid_octo_fan_narrow, minmay_the_grid_octo_teeth,
          minmay_the_grid_square_5x5_megaprize_checkered,
          minmay_the_grid_square_5x5_minimal,
          minmay_the_grid_square_5x5_longway,
          minmay_the_grid_square_5x5_tetrominoes,
          minmay_the_grid_square_5x5_two_small], layout_loops_ring,
          serial_shops, nicolae_shop_trees
D:9:      layout_basic, serial_shops, kennysheep_mini_moat
D:10:     erik_cavepeople, layout_loops_corners, elyvilon_altar_5,
          okawaru_trees_1, serial_shops, nicolae_stop_n_shop_2
D:11:     layout_roguey, dpeg_oklobed_lair, orc_0_dummy, serial_shops,
          nicolae_shop_statue_plus
D:12:     layout_loops_cross, uniq_azrael
D:13:     layout_loops_ring, skrybe_vaults_entry_preservation,
          grunt_dithmenos_smoke
D:14:     layout_basic, dreamdust_princess_corridor, kennysheep_cluttered_room,
          uniq_frances
D:15:     grunt_enter_depths_hoard, layout_long_grid, minmay_hedge_maze,
          chequers_guarded_unrand_ignorance
Lair:1:   layout_gridlike, portal_ice_cave_demonic_guard, uniq_gastronok
Lair:2:   layout_gridlike, elwin_shoals_entry_rocks,
          minmay_snake_entry_six_corridors
Lair:3:   layout_roguey, beast_lair_carwin_6, lemuel_fruit_fields, uniq_snorg
Lair:4:   layout_concentric_octagons, dpeg_slime_entry_enclosed,
          grunt_megastairs_4, infiniplex_staircase_pool_2, lemuel_fruit_tree,
          serial_bayou_shore_b
Lair:5:   hangedman_lair_caniforms_friends, layout_loops_ring,
          guppyfry_lair_end_dragon, uniq_josephine
Shoals:1: layout_shoals, ebering_ghost_gozag, serial_shops, nicolae_square_shop,
          uniq_mlioglotl
Shoals:2: layout_shoals, serial_nicolae_subway, nicolae_sub_station_crystal,
          nicolae_sub_station_metal, nicolae_sub_station_stone
Shoals:3: layout_shoals, minmay_shop_mass
Shoals:4: shoals_end_hangedman, layout_shoals, uniq_mara, uniq_roxanne,
          uniq_polyphemus
Snake:1:  layout_layer_cave, basic_altar, grunt_megastairs_1,
          serial_bayou_shore_a, minmay_shop_star
Snake:2:  layout_gridlike, ebering_ghost_rock_garden, minmay_shop_grove,
          grunt_megastairs_5
Snake:3:  layout_cave_town, basic_altar, nicolae_snake_gridmaze_zigzag,
          grunt_megastairs_2, uniq_aizul
Snake:4:  johnstein_snake_rune_scales, layout_cave_town, uniq_bai_suzhen
Orc:1:    cheibrodos_orc_guarddog, layout_caves
Orc:2:    pf_orc_diabolical, layout_diamond_mine, serial_shops,
          nicolae_shop_stone, mines_bat_river
Vaults:1: hangedman_vaults_unwind, nicolae_vaults_ring_of_whatevers,
          nicolae_vaults_statue_guard, v_misc_26,
          nicolae_vaults_disjoint_gnomons, v_rooms_5,
          nicolae_vaults_ring_of_whatevers, vaults_room_door_ring,
          hangedman_vaults_restitches, nicolae_vaults_diagonal_hallway_6,
          nicolae_vaults_little_squares_6, layout_vaults_ring, uniq_zenata
Vaults:2: minmay_crypt_entry_skeletal_spiral, nicolae_vaults_little_squares_3,
          v_rooms_6, v_misc_17, vaults_room_hallway, ontoclasm_vaults_fault,
          hangedman_vaults_trim, grunt_vaults_diagonal, layout_vaults_quadrants,
          serial_shops, nicolae_shop_trees, shop_coins, shop,
          nicolae_square_shop, uniq_boris
Vaults:3: ontoclasm_vaults_chip, v_pattern_3, v_misc_5,
          nicolae_vaults_three_branches, nicolae_vaults_network_quinsquares
          [nicolae_vaults_network_quincunx_subvault,
          nicolae_vaults_network_quincunx_subvault,
          nicolae_vaults_network_quincunx_subvault,
          nicolae_vaults_network_quincunx_subvault], vaults_room_glass_cross,
          nicolae_vaults_border_crossing, grunt_vaults_bifocal,
          ontoclasm_vaults_ring_small, vaults_dpeg_emergency_exit,
          layout_vaults_big_cross, serial_shops, nicolae_shop_behind_doors,
          uniq_xtahua
Vaults:4: infiniplex_enter_wizlab_water, v_misc_12, nicolae_vaults_shelves_hall,
          v_misc_29, vaults_mumra_chevron, vaults_room_semicircle, v_pattern_4,
          grunt_vaults_funnel, v_misc_8, layout_vaults_big_room, serial_shops,
          freezing_bzr
Vaults:5
Depths:1: layout_basic, rand_demon_pan_entry_3, nicolae_ashenzari_panopticon,
          serial_shops, shop, hangedman_abyss_entry_splay, hell_entry,
          dreamdust_looks_like_rain
Depths:2: kennysheep_blocky_hall, layout_basic, nrook_campfire,
          rand_demon_pan_entry_4, hell_entry, small_chamber_with_monster,
          firewood_loft, infiniplex_staircase_zigzag_4
Depths:3: grunt_double_whammy, layout_basic, pan_entry, pf_dread_powers_of_hell,
          serial_shops, nicolae_stop_n_shop_2, abyss_entry_crystal,
          serial_sigils_hangedman_shear
Depths:4: lemuel_castle_with_subvaults [lemuel_castle_interior_carwin_1],
          layout_twisted_cross, enter_ziggurat_f, pf_coc_iceberg,
          nicolae_abyss_entry_one_way_or_another, good_gods_temple_1,
          serial_bayou_shore_b
Zot:1:    minmay_elemental_castle, layout_cathedral_of_symmetry
Zot:2:    layout_gridville, st_stairs_12, uniq_vv
Zot:3:    layout_cathedral_of_symmetry, skrybe_zot_glass_2
Zot:4:    lemuel_acid_trip, layout_onion, grunt_ministairs_11
Zot:5:    layout_twisted_circle, nicolae_transmutations_shop

Skill      XL: |  1  2  3  4  5  6  7  8  9 10 11 12 13 14 15 16 17 18 19 20 21 22 23 24 25 26 |
---------------+-------------------------------------------------------------------------------+-----
Stealth        | 6 7 9 10 11 12 13 14 15 16 17 18 | 18.9
Short Blades   | 1 2 3 4 5 6 7 8 9 10 11 12 13 14 15 16 17 18 | 18.1
Long Blades    | 1 2 3 4 5 6 7 8 9 10 11 12 13 14 15 16 17 18 | 18.1
Axes           | 1 2 3 4 5 6 7 8 9 10 11 12 13 14 15 16 17 18 | 18.1
Maces & Flails | 1 2 3 4 5 6 7 8 9 10 11 12 13 14 15 16 17 18 | 18.1
Polearms       | 1 2 3 4 5 6 7 8 9 10 11 12 13 14 15 16 17 18 | 18.1
Staves         | 1 2 3 4 5 6 7 8 9 10 11 12 13 14 15 16 17 18 | 18.1
Ranged Weapons | 1 2 3 4 5 6 7 8 9 10 11 12 13 14 15 16 17 18 | 18.1
Throwing       | 1 2 3 4 5 6 7 8 9 10 11 12 13 14 15 16 17 18 | 18.1
Armour         | 1 2 3 4 5 6 7 8 9 10 11 12 13 14 15 16 17 18 | 18.1
Dodging        | 1 2 3 4 5 6 7 8 9 10 11 12 13 14 15 16 17 18 | 18.1
Shields        | 1 2 3 4 5 6 7 8 9 10 11 12 13 14 15 16 17 18 | 18.1
Unarmed Combat | 1 2 3 4 5 6 7 8 9 10 11 12 13 14 15 16 17 18 | 18.1
Evocations     | 1 2 3 4 5 6 7 8 9 10 11 12 13 14 15 16 17 18 | 18.1
Spellcasting   | 3 4 5 7 8 9 10 11 12 13 14 15 16 17 18 | 18.3
Conjurations   | 1 2 3 4 5 6 7 8 9 10 11 12 13 14 15 | 15.4
Hexes          | 1 2 3 4 5 6 7 8 9 10 11 12 13 14 15 | 15.4
Summonings     | 1 2 3 4 5 6 7 8 9 10 11 12 13 14 15 | 15.4
Necromancy     | 1 2 3 4 5 6 7 8 9 10 11 12 13 14 15 | 15.4
Translocations | 1 2 3 4 5 6 7 8 9 10 11 12 13 14 15 | 15.4
Transmutations | 1 2 3 4 5 6 7 8 9 10 11 12 13 14 15 | 15.4
Fire Magic     | 1 2 3 4 5 6 7 8 9 10 11 12 13 14 15 | 15.4
Earth Magic    | 1 2 3 4 5 6 7 8 9 10 11 12 13 14 15 | 15.4
Poison Magic   | 1 2 3 4 5 6 7 8 9 10 11 12 13 14 15 | 15.4
Fighting       | 3 4 5 7 8 9 10 11 12 13 14 15 16 17 18 | 18.3
Ice Magic      | 4 5 6 7 8 9 10 11 12 13 14 15 | 15.9
Air Magic      | 4 5 6 7 8 9 10 11 12 13 14 15 | 15.9
Invocations    | 3 4 5 6 7 8 9 10 11 12 13 14 15 16 17 18 19 | 19.7

Action                   |  1- 3 |  4- 6 |  7- 9 | 10-12 | 13-15 | 16-18 | 19-21 | 22-24 | 25-27 || total
-------------------------+-------+-------+-------+-------+-------+-------+-------+-------+-------++-------
Melee: Club              |    32 |       |       |       |       |       |       |       |       ||    32
       Bite              |     6 |     4 |     2 |    20 |   114 |    83 |   119 |   261 |   200 ||   809
       Dagger            |    28 |    61 |    30 |   170 |   751 |   233 |   553 |  1172 |   917 ||  3915
       Punch             |       |     1 |       |    11 |    49 |    27 |       |       |       ||    88
       Whip              |       |       |     9 |     7 |       |       |       |       |       ||    16
       Short sword       |       |       |       |       |       |   314 |       |       |       ||   314
       Trident           |       |       |       |       |       |       |   134 |   138 |    19 ||   291
 Fire: Sling             |       |       |       |     3 |     1 |       |       |     3 |       ||     7
Throw: Dart              |       |       |       |       |       |       |       |       |     2 ||     2
 Cast: Freeze            |    28 |    21 |    15 |    12 |    48 |     5 |       |       |       ||   129
       Shock             |    36 |    66 |   215 |   201 |    65 |   281 |     2 |     1 |       ||   867
       Static Discharge  |       |     5 |    48 |   132 |   228 |    50 |    51 |    24 |     2 ||   540
       Ozocubu's Armour  |       |       |     4 |    31 |    81 |    24 |    11 |    12 |     8 ||   171
       Summon Lightning  |       |       |       |     2 |    29 |   139 |    54 |    61 |    65 ||   350
       Passwall          |       |       |       |     1 |     8 |    23 |     6 |   100 |    26 ||   164
       Olgreb's Toxic Ra |       |       |       |       |    66 |    15 |    27 |    14 |     8 ||   130
       Ignite Poison     |       |       |       |       |    33 |    12 |    29 |    15 |    10 ||    99
       Freezing Cloud    |       |       |       |       |       |   112 |    29 |    49 |    31 ||   221
       Irradiate         |       |       |       |       |       |    31 |    30 |   116 |    99 ||   276
       Mephitic Cloud    |       |       |       |       |       |     4 |       |     1 |       ||     5
       Manifold Assault  |       |       |       |       |       |       |    13 |    30 |    15 ||    58
       Stone Arrow       |       |       |       |       |       |       |       |     4 |     6 ||    10
       Statue Form       |       |       |       |       |       |       |       |     4 |     1 ||     5
       Yara's Violent Un |       |       |       |       |       |       |       |       |    21 ||    21
       Silence           |       |       |       |       |       |       |       |       |     1 ||     1
Invok: Purification      |       |       |     1 |     6 |     4 |     3 |     2 |    12 |    10 ||    38
       Heal Other        |       |       |       |     1 |       |     1 |       |     5 |     8 ||    15
       Heal Self         |       |       |       |       |     1 |       |       |     4 |     6 ||    11
       Divine Vigour     |       |       |       |       |       |     2 |       |       |     1 ||     3
Evoke: Wand              |       |       |       |     7 |     3 |     1 |       |     2 |     7 ||    20
       Phial of floods   |       |       |       |       |       |       |       |     1 |     2 ||     3
       Box of beasts     |       |       |       |       |       |       |       |       |     4 ||     4
       Tin of tremorston |       |       |       |       |       |       |       |       |     2 ||     2
       Lightning rod     |       |       |       |       |       |       |       |       |     2 ||     2
       Phantom mirror    |       |       |       |       |       |       |       |       |     2 ||     2
  Use: Potion            |       |       |     1 |     7 |     6 |     4 |     2 |    11 |    11 ||    42
       Scroll            |       |       |     4 |     6 |    18 |    11 |     5 |     9 |    11 ||    64
 Stab: Sleeping          |    10 |     5 |     4 |    18 |    50 |    36 |    37 |    79 |    17 ||   256
       Paralysed         |       |       |       |     2 |       |       |       |       |       ||     2
       Distracted        |       |       |       |       |     6 |    17 |    19 |    29 |    38 ||   109
       Invisible         |       |       |       |       |     7 |       |     1 |     1 |       ||     9
       Confused          |       |       |       |       |       |       |       |     1 |       ||     1
Armor: Robe              |    25 |    23 |     9 |    38 |       |       |       |       |       ||    95
       Troll leather arm |       |       |       |    11 |   379 |   249 |   128 |   287 |   126 ||  1180
       Skin              |       |       |       |       |       |       |       |    44 |    40 ||    84
Dodge: Dodged            |    38 |    52 |    65 |   200 |   633 |   515 |   243 |   599 |   411 ||  2756
       Repelled          |       |       |     1 |     3 |     6 |     1 |       |       |       ||    11
Block: Kite shield       |       |       |       |       |       |   170 |   319 |   766 |   593 ||  1848
       Reflection        |       |       |       |       |       |    26 |    41 |     8 |    20 ||    95
